 Dungeon Crawl Stone Soup version 0.32-a0-841-g4648e6c457 (webtiles) character file.

Game seed: 311270174971407250

14541 cforsyth the Thaumaturge (level 11, -5/67 HPs)
             Began as a Deep Elf Summoner on Mar 26, 2024.
             Was an Initiate of Sif Muna.
             Slain by a minotaur
             ... wielding a staff of death
              (24 damage)
             ... in a Gauntlet on Mar 27, 2024.
             The game lasted 00:45:39 (11078 turns).

cforsyth the Thaumaturge (Deep Elf Summoner)       Turns: 11078, Time: 00:45:40

Health: -5/67      AC:  6    Str: 13    XL:     11   Next: 90%
Magic:  20/29      EV: 15    Int: 33    God:    Sif Muna [......]
Gold:   805        SH:  0    Dex: 15    Spells: 12/34 levels left

rFire   + . .        i - +4 hand axe of the Mind {venom, ^Fragile rN+ Int+2}
rCold   . . .        (no shield)
rNeg    + . .        u - +0 troll leather armour {Pargi}
rPois   .            r - +0 helmet
rElec   .            D - +0 cloak {Will+}
rCorr   .            (no gloves)
SInv    .            m - +0 pair of boots
Will    ++...        e - amulet of magic regeneration
Stlth   ++           j - ring "Loazuz" {rF+ Str+8}
HPRegen 1.11/turn    I - +6 ring of intelligence
MPRegen 0.61/turn

%: no teleportation
@: no status effects
A: no striking features
a: Renounce Religion


You were in a Gauntlet.
You worshipped Sif Muna.
Sif Muna was noncommittal.
You visited 2 branches of the dungeon, and saw 12 of its levels.
You also visited: Sewer and Gauntlet.

You collected 805 gold pieces.


   Skills:
 + Level 7.0 Fighting
 + Level 10.3 Dodging
 - Level 2.4 Stealth
 + Level 2.4 Shields
 - Level 12.0 Spellcasting
 - Level 12.0 Summonings
 - Level 4.0 Translocations
 - Level 4.0 Fire Magic
 - Level 4.0 Air Magic


You had 12 spell levels left.
You knew the following spells:

 Your Spells              Type           Power      Damage    Failure   Level
b - Summon Ice Beast      Ice/Summ       56%        N/A       1%          3
c - Call Imp              Summ           100%       N/A       1%          2
f - Call Canine Familiar  Summ           78%        N/A       1%          3
l - Summon Lightning Spi  Summ/Air       64%        N/A       1%          4
t - Summon Forest         Summ/Tloc      32%        N/A       3%          5
z - Summon Small Mammal   Summ           100%       N/A       1%          1
X - Summon Blazeheart Go  Fire/Summ      64%        N/A       1%          4

Your spell library contained the following spells:

 Spells                   Type           Power      Damage    Failure   Level
 Mercury Vapours          Alch/Air       66%        N/A       1%          2
 Cigotuvi's Dreadful Rot  Necr/Alch/Air  56%        N/A       2%          2
 Sublimation of Blood     Necr           19%        N/A       4%          2
 Mephitic Cloud           Conj/Alch/Air  28%        N/A       5%          3
 Dimensional Bullseye     Hex/Tloc       16%        N/A       13%         4
 Ignite Poison            Fire/Alch      33%        N/A       13%         4
 Petrify                  Alch/Erth      19%        N/A       28%         4
 Freezing Cloud           Conj/Ice/Air   14%        6-21      43%         5
 Alistair's Intoxication  Alch           12%        N/A       63%         5
 Borgnjor's Vile Clutch   Necr/Erth      9%         N/A       63%         5
 Irradiate                Conj/Alch      9%         3d14      63%         5
 Eringya's Noxious Bog    Alch           9%         4d6       99%         6
 Disjunction              Tloc           23%        N/A       100%        8

Inventory:

Hand Weapons
 i - the +4 hand axe of the Mind (weapon) {venom, ^Fragile rN+ Int+2}
   (You found it on level 2 of the Dungeon)

   Int+2:     It affects your intelligence (+2).
   rN+:       It protects you from negative energy.
   ^Fragile:  It will be destroyed if unequipped.
 t - a +5 quarterstaff of freezing
Armour
 g - the scarf "Tequzaa" {repulsion, +Inv rPois rN++ Int-3}
   (You found it in a Gauntlet)

   Int-3:     It affects your intelligence (-3).
   rPois:     It protects you from poison.
   rN++:      It greatly protects you from negative energy.
   +Inv:      It lets you turn invisible.
 m - a +0 pair of boots (worn)
 r - a +0 helmet (worn)
 s - a +2 cloak
 u - a +0 troll leather armour (worn) {Pargi}
 D - a +0 cloak of willpower (worn)
 L - a +0 kite shield of reflection
Magical Staves
 M - a staff of earth {!a}
Jewellery
 e - an amulet of magic regeneration (around neck)
 j - the ring "Loazuz" (left hand) {rF+ Str+8}
   (You found it on level 2 of the Dungeon)

   [ring of protection from fire]

   Str+8:     It affects your strength (+8).
   rF+:       It protects you from fire.
 y - an amulet of reflection
 I - a +6 ring of intelligence (right hand)
Wands
 a - a wand of mindburst (20)
 o - a wand of digging (8)
 v - a wand of flame (61)
 C - a wand of polymorph (10)
 H - a wand of paralysis (6)
Scrolls
 c - 2 scrolls of vulnerability
 h - 6 scrolls of teleportation {unknown}
 l - 3 scrolls of fog
 p - 2 scrolls of fear
 q - a scroll of brand weapon
 E - a scroll of silence {unknown}
 G - a scroll of blinking {unknown}
 J - a scroll of noise {unknown}
 N - a scroll of enchant armour {unknown}
 O - a scroll of torment {unknown}
Potions
 b - 3 potions of magic
 d - 3 potions of curing {@q1}
 f - 2 potions of mutation
 n - a potion of brilliance
 w - 2 potions of enlightenment
 x - 2 potions of attraction
 B - a potion of ambrosia
 F - a potion of berserk rage {unknown}

Dungeon Overview and Level Annotations

Branches:
Dungeon (11/15)            Temple (1/1) D:5            Lair (0/5) D:9
    Orc (0/2) D:9           Sewer (visited)         Gauntlet (1/1)

Altars:
Ashenzari
Cheibriados
Dithmenos
Elyvilon
Fedhas
Gozag
Hepliaklqana
Kikubaaqudgha
Makhleb
Nemelex Xobeh
Okawaru
Qazlal
Ru
Sif Muna
Trog
Uskayaw
Vehumet
Wu Jian
Xom
Yredelemnul
Zin
The Shining One

Shops:
D:3 *   D:9 [(   D:10 (   D:11 :

Annotations:
D:5 3 runed translucent doors, Jigsaw's ghost, weakling MfDe
D:8 2 transporters, Chadd's ghost, journeyman CoBe Gauntlet 4 transporters

..†...♣...▒.ß.♣♣.▓.#
##)###▒...▒.©.▓▓...# +###
.▒.▒..▒.ß.▒.ß.▓▓.▓.#♣.⌠..#
##©♣♣.▒.∩.▒.©....▓.'..H.⌠+
♣...♣.▒.ß.▒.ß.♣▓.▓.#
♣...♣.♣...▒.©.♣▓...#
..©[..▒...▒.ß.▓▓.▓.#
▒▒▒▒♣▒▒.ß.▒.©.5I.▓.#
.▒©..ß▒.⌠.♣.ß.▓▓@▓.▓
.▒...©▒.ß.♣...♣▓9HY▓
.♣©..ß▒...♣...▓▓▓▓▓▓
♣▒▒▒▒▒▒...▓≈≈≈♣
...†..▒..▒▓▓≈▓▓ ▒▒..▒.▒.▒▒
♣♣▓ ▒▒©...▒.≈▒▒
♣.▒▒♣.♣.≈≈▒ .†▒▒▒.▒.≈▒▒


You could see a minotaur (ally target), a friendly lightning spire (summoned), a
friendly blazeheart golem (summoned), a friendly ice beast (summoned) and a
friendly cerulean imp (summoned).


Message History

Unknown command.
Unknown command.
Casting: Summon Blazeheart Golem (dangerous; 1% risk of failure)
Confirm with . or Enter, or press ? or * to list all spells.
A tiny devil pulls itself out of the air.
The minotaur hits you with a staff of death!!
* * * LOW HITPOINT WARNING * * *
The minotaur gores you.
* * * LOW HITPOINT WARNING * * *
Your blazeheart golem punches the minotaur!
Your ice beast hits the minotaur but does no damage.
Unknown command.
Unknown command.
Unknown command.
Unknown command.
Unknown command.
Unknown command.
Unknown command.
Unknown command.
Unknown command.
Unknown command.
Unknown command.
Unknown command.
Unknown command.
Unknown command.
Unknown command.
Unknown command.
You feel better.
The minotaur hits you with a staff of death!!
You die...

Skill      XL: |  1  2  3  4  5  6  7  8  9 10 11 |
---------------+----------------------------------+-----
Spellcasting   | 4 5 6 7 9 11 12 | 12.0
Summonings     | 5 6 7 9 10 11 12 | 12.0
Fire Magic     | 1 2 4 |  4.0
Air Magic      | 1 2 4 |  4.0
Translocations | 1 4 |  4.0
Fighting       | 3 5 7 |  7.0
Dodging        | 5 7 10 | 10.3
Shields        | 2 |  2.4
Stealth        | |  2.4

Action                     |  1- 3 |  4- 6 |  7- 9 | 10-12 || total
---------------------------+-------+-------+-------+-------++-------
  Melee: Unarmed           |     6 |       |       |       ||     6
         Hand axe          |     4 |    10 |    10 |     9 ||    33
   Cast: Summon Small Mamm |    29 |    12 |       |     4 ||    45
         Call Imp          |     9 |    17 |    37 |    37 ||   100
         Call Canine Famil |     4 |    15 |    30 |    36 ||    85
         Summon Lightning  |       |     2 |    28 |    26 ||    56
         Summon Ice Beast  |       |       |    17 |    20 ||    37
         Summon Blazeheart |       |       |     6 |    12 ||    18
         Summon Forest     |       |       |       |     6 ||     6
  Evoke: Wand              |       |       |       |     2 ||     2
    Use: Scroll            |       |       |     9 |     4 ||    13
         Potion            |       |       |     1 |     9 ||    10
   Stab: Distracted        |     1 |       |       |     1 ||     2
 Armour: Robe              |    13 |     5 |    15 |       ||    33
         Troll leather arm |       |       |    18 |    44 ||    62
  Dodge: Dodged            |    26 |    14 |    26 |    31 ||    97
  Block: Other             |       |       |     4 |     5 ||     9
         Reflection        |       |       |       |     3 ||     3

Levels and vault maps discovered:
D:1:      roadster_arrival_rocket_small, layout_loops_cross
D:2:      layout_basic, minmay_misc_feat_ornament, serial_bayou_pond_d,
          uniq_crazy_yiuf_cottage, uniq_robin
D:3:      layout_loops_cross, nicolae_ashenzari_skybound, zin_purify,
          lemuel_coloured_pillars_altar, ebering_ecumenical_altar_webs,
          corexii_hall_statues_deadend, hangedman_decor_growths
D:4:      layout_loops_corners, xom_teletrap_fun, kennysheep_generic_room_11
D:5:      layout_loops_ring, nicolae_elyvilon_peaceful_grove,
          minmay_temple_entry_nine_rooms, gammafunk_ghost_split, uniq_menkaure
D:6:      layout_cave_pools, jmf_multi_god_temple, cheibrodos_sewer_entry_sluice
D:7:      layout_basic, uniq_maurice
D:8:      layout_rooms, gammafunk_ghost_hive, minmay_misc_feat_nine_boxes
D:9:      layout_rooms, hellmonk_lair_entry_icy, orc_david_3
D:10:     layout_basic, marbit_many_paths, serial_shops,
          nicolae_shop_bloodbath_and_beyond
D:11:     layout_basic, gauntlet_entry_generic, nicolae_shop_vocational,
          uniq_amaemon
Temple:   jpeg_temple_clearing
Gauntlet: gammafunk_gauntlet_77_escape_option
          [minmay_gauntlet_arena_77_tiled_triplets,
          minmay_gauntlet_arena_77_cramped, minmay_gauntlet_arena_77_mirror,
          minmay_gauntlet_arena_77_block_sizes,
          minmay_gauntlet_arena_77_squiggly, gauntlet_exit_hidden_loot]

Notes
Turn   | Place    | Note
-------+----------+-------------------------------------------
     0 | D:1      | cforsyth the Deep Elf Summoner began the quest for the Orb.
     0 | D:1      | Reached XP level 1. HP: 10/10 MP: 6/6
   126 | D:1      | You fall into a shaft and drop 1 floor!
   615 | D:3      | Reached XP level 2. HP: 15/15 MP: 4/8
   618 | D:3      | Learned a level 2 spell: Call Imp
   720 | D:2      | Identified the +4 hand axe of the Mind {venom, ^Fragile rN+
                  | Int+2}
   778 | D:2      | Reached skill level 4 in Spellcasting
   778 | D:2      | Reached skill level 5 in Summonings
   778 | D:2      | Reached XP level 3. HP: 9/19 MP: 5/10
   782 | D:2      | Learned a level 3 spell: Call Canine Familiar
   826 | D:2      | Identified the ring "Loazuz" {rF+ Str+8}
  1667 | D:2      | Reached XP level 4. HP: 24/24 MP: 12/12
  1807 | D:2      | Noticed Robin
  1819 | D:2      | Killed Robin
  1820 | D:2      | Reached skill level 5 in Spellcasting
  2079 | D:2      | Found a runed translucent door.
  2080 | D:2      | Noticed Crazy Yiuf
  2093 | D:2      | Killed Crazy Yiuf
  2302 | D:3      | Found a broken altar of Ashenzari.
  2319 | D:3      | Reached XP level 5. HP: 28/28 MP: 14/14
  2375 | D:3      | Found Zin's Purification Station.
  2378 | D:3      | Found a glowing silver altar of Zin.
  2423 | D:3      | Found an ornate altar of the Wu Jian Council.
  2528 | D:3      | Found a faded altar of an unknown god.
  2780 | D:4      | Learned a level 4 spell: Summon Blazeheart Golem
  2785 | D:4      | Learned a level 4 spell: Summon Lightning Spire
  2825 | D:4      | Reached skill level 1 in Fire Magic
  2825 | D:4      | Reached skill level 1 in Air Magic
  2860 | D:4      | Found a shimmering altar of Xom.
  2938 | D:4      | Reached skill level 6 in Summonings
  3222 | D:4      | Reached XP level 6. HP: 32/32 MP: 16/16
  3233 | D:4      | Reached skill level 6 in Spellcasting
  3271 | D:4      | Reached skill level 2 in Fire Magic
  3271 | D:4      | Reached skill level 2 in Air Magic
  3748 | D:5      | Entered Level 5 of the Dungeon
  3773 | D:5      | Noticed a water moccasin
  3784 | D:5      | Killed a water moccasin
  3785 | D:5      | Reached XP level 7. HP: 36/36 MP: 15/18
  3911 | D:5      | Noticed Jigsaw's ghost (weakling MfDe)
  3913 | D:5      | Noticed a vampire
  3925 | D:5      | Noticed Menkaure
  3944 | D:5      | Killed Menkaure
  3945 | D:5      | Reached skill level 3 in Fire Magic
  3945 | D:5      | Reached skill level 3 in Air Magic
  4001 | D:5      | Found a runed translucent gate.
  4001 | D:5      | Found a runed translucent gate.
  4003 | D:5      | Found a runed translucent gate.
  4077 | D:5      | Found a staircase to the Ecumenical Temple.
  4090 | D:5      | Got the Compilation of the Band and Locality
  4148 | Temple   | Entered the Ecumenical Temple
  4246 | D:5      | Found a white marble altar of Elyvilon.
  4269 | D:5      | Reached skill level 7 in Spellcasting
  4598 | D:5      | Learned a level 3 spell: Summon Ice Beast
  4623 | D:6      | Reached skill level 7 in Summonings
  4666 | D:6      | Reached skill level 4 in Fire Magic
  4666 | D:6      | Reached skill level 4 in Air Magic
  4666 | D:6      | Reached XP level 8. HP: 36/41 MP: 14/21
  4703 | D:6      | Found a glowing drain.
  4714 | D:6      | Reached skill level 8 in Spellcasting
  4724 | Sewer    | Entered a sewer
  4841 | Sewer    | Noticed Pargi
  4848 | Sewer    | Killed Pargi
  4849 | Sewer    | Reached skill level 8 in Summonings
  4985 | D:6      | Found a hazy altar of Hepliaklqana.
  4985 | D:6      | Found a blossoming altar of Fedhas.
  5023 | D:6      | Reached skill level 9 in Spellcasting
  5482 | D:7      | Reached skill level 9 in Summonings
  5629 | D:7      | Reached skill level 1 in Translocations
  5629 | D:7      | Reached XP level 9. HP: 46/46 MP: 9/24
  5644 | D:7      | Reached skill level 1 in Fighting
  5644 | D:7      | Reached skill level 3 in Dodging
  5650 | D:7      | Reached skill level 10 in Spellcasting
  5809 | D:7      | Learned a level 5 spell: Summon Forest
  6021 | D:7      | Noticed Maurice
  6058 | D:7      | Killed Maurice
  6059 | D:7      | Reached skill level 2 in Fighting
  6059 | D:7      | Reached skill level 4 in Dodging
  6059 | D:7      | Reached skill level 2 in Translocations
  6635 | D:8      | Reached skill level 3 in Translocations
  6706 | D:8      | Noticed a centaur warrior
  6884 | D:8      | Killed a centaur warrior
  6885 | D:8      | Reached skill level 5 in Dodging
  7083 | D:8      | Reached skill level 3 in Fighting
  7083 | D:8      | Reached skill level 11 in Spellcasting
  7083 | D:8      | Reached skill level 10 in Summonings
  7083 | D:8      | Reached skill level 4 in Translocations
  7083 | D:8      | Reached XP level 10. HP: 56/56 MP: 13/27
  7244 | D:8      | Found a transporter.
  7246 | D:8      | Found a transporter.
  7255 | D:8      | Noticed Chadd's ghost (journeyman CoBe)
  7972 | D:9      | Reached skill level 6 in Dodging
  8071 | D:9      | Found Kuuhauch's Weapon Shoppe.
  8073 | D:9      | Found a staircase to the Orcish Mines.
  8076 | D:9      | Found Rumatoj's Armour Shoppe.
  8140 | D:9      | Reached skill level 4 in Fighting
  8379 | D:9      | Found a staircase to the Lair.
  8408 | D:9      | Reached skill level 12 in Spellcasting
  8497 | D:9      | Reached skill level 7 in Dodging
  8653 | D:9      | Noticed a two-headed ogre
  8659 | D:9      | Killed a two-headed ogre
  8660 | D:9      | Reached skill level 11 in Summonings
  9021 | D:10     | Entered Level 10 of the Dungeon
  9170 | D:10     | Reached skill level 5 in Fighting
  9171 | D:10     | Reached XP level 11. HP: 63/63 MP: 21/29
  9235 | D:10     | Noticed a two-headed ogre
  9240 | D:10     | Killed a two-headed ogre
  9241 | D:10     | Reached skill level 8 in Dodging
  9330 | D:10     | Found Turos's Weapon Shoppe.
  9435 | D:10     | Noticed a boulder beetle
  9456 | D:10     | Killed a boulder beetle
  9854 | D:10     | Found a shimmering blue altar of Sif Muna.
  9872 | D:10     | Became a worshipper of Sif Muna the Loreminder
 10145 | D:11     | Found Kostril's Vocational Training.
 10179 | D:11     | Found a gate leading to a gauntlet.
 10190 | Gauntlet | Entered a Gauntlet
 10190 | Gauntlet | Found a transporter.
 10200 | Gauntlet | Found a transporter.
 10202 | Gauntlet | Found a transporter.
 10203 | Gauntlet | Found a transporter.
 10207 | Gauntlet | Found a runed translucent door.
 10209 | Gauntlet | Found a runed translucent door.
 10211 | Gauntlet | Found a transporter.
 10214 | Gauntlet | Found a transporter.
 10215 | Gauntlet | Found a transporter.
 10217 | Gauntlet | Noticed a tengu warrior
 10224 | Gauntlet | Found a transporter.
 10227 | Gauntlet | Found a transporter.
 10228 | Gauntlet | Found a transporter.
 10230 | Gauntlet | Noticed a hell beast
 10239 | Gauntlet | Found a transporter.
 10240 | Gauntlet | Found a transporter.
 10241 | Gauntlet | Found a transporter.
 10242 | Gauntlet | Noticed a fire crab
 10248 | Gauntlet | Found a transporter.
 10451 | Gauntlet | Identified the scarf "Tequzaa" {repulsion, +Inv rPois rN++
                  | Int-3}
 10610 | Gauntlet | Reached skill level 9 in Dodging
 10614 | Gauntlet | Reached skill level 6 in Fighting
 10774 | Gauntlet | Reached skill level 12 in Summonings
 10774 | Gauntlet | Killed a tengu warrior
 10816 | Gauntlet | Killed a hell beast
 10817 | Gauntlet | Reached skill level 1 in Shields
 10859 | Gauntlet | Reached skill level 10 in Dodging
 10861 | Gauntlet | Killed a fire crab
 10862 | Gauntlet | Reached skill level 2 in Shields
 10867 | Gauntlet | Reached skill level 7 in Fighting
 11027 | Gauntlet | Identified a potion of resistance
 11048 | Gauntlet | Noticed a minotaur
 11078 | Gauntlet | Slain by a minotaur

Vanquished Creatures
  A hell beast (Gauntlet)
  A slime creature (Gauntlet)
  A fire bat (Gauntlet)
  A hell hound (Gauntlet)
  A brain worm (Sewer)
  A scorpion (D:7)
  2 wights (D:7)
  An electric eel (D:10)
  A jelly (Gauntlet)
  An adder (D:2)
  A dart slug (D:3)
  An orc (D:9)
  A ball python (Sewer)
  2 goblins (D:2)
  A hobgoblin (D:2)
  A kobold (D:9)
  A quokka (D:2)
19 creatures vanquished.

Vanquished Creatures (collateral kills)
  A centaur warrior (D:8)
  A boulder beetle (D:10)
  2 two-headed ogres
  A tengu warrior (Gauntlet)
  A fire crab (Gauntlet)
  Maurice (D:7)
  A cyclops (D:11)
  A moth of wrath (Gauntlet)
  A rime drake (D:9)
  2 tengu conjurers (Gauntlet)
  A polar bear (D:9)
  A troll (D:9)
  A hornet (D:8)
  2 slime creatures (Gauntlet)
  A shadow (D:9)
  A vampire (D:9)
  5 yaks (D:10)
  5 fire bats (Gauntlet)
  Menkaure (D:5)
  An acid dragon (D:9)
  3 water moccasins
  Pargi (Sewer)
  4 hell hounds (Gauntlet)
  4 orc warriors
  4 ice beasts
  An ogre (D:6)
  6 wolves
  4 centaurs
  A phantom (D:6)
  A kobold brigand (D:9)
  A bullfrog (D:8)
  2 scorpions
  A gnoll sergeant (D:8)
  15 wights
  8 killer bees
  A howler monkey (D:4)
  A jelly (Gauntlet)
  A bombardier beetle (D:4)
  A gnoll bouda (D:6)
  An orc priest (D:7)
  Crazy Yiuf (D:2)
  3 sleepcaps
  13 orc wizards
  4 iguanas
  Robin (D:2)
  10 adders
  3 gnolls (D:8)
  A shadow imp (D:7)
  3 white imps
  3 dart slugs
  4 ribbon worms
  36 orcs
  13 ball pythons
  4 endoplasms
  A giant cockroach (D:1)
  10 goblins (D:2)
  6 hobgoblins
  4 jackals (D:4)
  13 kobolds
  2 quokkas (D:5)
  4 bats
  5 frilled lizards
  4 rats
240 creatures vanquished.

Vanquished Creatures (others)
  7 blazeheart cores
7 creatures vanquished.

Grand Total: 266 creatures vanquished

Table legend: (Time is in decaauts)
 A = Elapsed time spent in this place.
 B = Non-inter-level travel time spent in this place.
 C = Inter-level travel time spent in this place.
 D = Time resting spent in this place.
 E = Time spent auto-exploring this place.
 F = Levels seen in this place.
 G = Mean time per level.
                   A        B        C        D        E       F      G
               +--------+--------+--------+--------+--------+-----+--------+
         Total |  11134 |  10814 |    320 |   1431 |   6455 |  14 |  795.3 |
       Dungeon |   9988 |   9669 |    319 |   1037 |   6200 |  11 |  908.0 |
        Temple |      1 |      1 |      0 |      0 |      0 |   1 |    1.0 |
         Sewer |    254 |    254 |      0 |      0 |    120 |   1 |  254.0 |
      Gauntlet |    889 |    889 |      0 |    394 |    135 |   1 |  889.0 |
               +--------+--------+--------+--------+--------+-----+--------+

Top non-repeatable levels by time:
     D:9: 1336 daAuts
     D:8: 1237 daAuts
     D:3: 1139 daAuts
     D:7: 1095 daAuts
    D:10: 1083 daAuts
     D:2: 991 daAuts
     D:4: 973 daAuts
Gauntlet: 889 daAuts
     D:5: 865 daAuts
     D:1: 646 daAuts
     D:6: 532 daAuts
   Sewer: 254 daAuts
    D:11: 86 daAuts
  Temple: 1 daAuts

Table legend:
 A = Non-vault XP
 B = Vault XP
 C = Vault XP percentage of total XP
 D = Non-vault monster count
 E = Vault monster count
 F = Vault count percentage of total count
                 A         B        C        D         E       F
            +---------+---------+-------+---------+---------+-------
      Total |   11615 |    9159 |  44.1 |     192 |      67 |  25.9
            +---------+---------+-------+---------+---------+-------
        D:1 |      16 |       0 |   0.0 |       8 |       0 |   0.0
        D:2 |      86 |      72 |  45.6 |      19 |      11 |  36.7
        D:3 |      30 |       0 |   0.0 |      15 |       0 |   0.0
        D:4 |     321 |      36 |  10.1 |      27 |       1 |   3.6
        D:5 |     320 |     172 |  35.0 |      14 |       1 |   6.7
        D:6 |    1081 |      64 |   5.6 |      19 |       6 |  24.0
        D:7 |     978 |     547 |  35.9 |      21 |       1 |   4.5
        D:8 |    1618 |       0 |   0.0 |      22 |       0 |   0.0
        D:9 |    2922 |    1807 |  38.2 |      26 |      14 |  35.0
       D:10 |    2825 |     209 |   6.9 |      17 |       1 |   5.6
       D:11 |     526 |       0 |   0.0 |       1 |       0 |   0.0
      Sewer |       0 |     258 | 100.0 |       0 |      10 | 100.0
   Gauntlet |     892 |    5994 |  87.0 |       3 |      22 |  88.0
            +---------+---------+-------+---------+---------+-------
